 Dungeon Crawl Stone Soup version 0.28.0-43-g3370ac3207 (webtiles) character file.

Game seed: 13191192539681196324

73 nickcage the Changer (level 4, -6/35 HPs)
             Began as a Draconian Transmuter on Mar 29, 2022.
             Killed by divine providence
             ... invoked by an orc priest
              (16 damage)
             ... on level 2 of the Dungeon.
             The game lasted 00:02:58 (1057 turns).

nickcage the Changer (Draconian Transmuter)         Turns: 1057, Time: 00:02:59

Health: -6/35      AC:  5    Str: 12    XL:     4   Next: 8%
Magic:  7/7        EV: 12    Int: 15    God:
Gold:   49         SH:  0    Dex: 12    Spells: 3/7 levels left

rFire   . . .      SeeInvis .   e - +2 hand axe (vorpal)
rCold   . . .      Faith    .   (no shield)
rNeg    . . .      Spirit   .   (armour unavailable)
rPois   .          Reflect  .   (helmet restricted)
rElec   .          Harm     .   (no cloak)
rCorr   .          Rampage  .   (no gloves)
Will    .....                   (no boots)
Stlth   +.........              (no amulet)
HPRegen 0.11/turn               (no ring)
MPRegen 0.10/turn               (no ring)

@: no status effects
A: AC +5, unfitting armour, cold-blooded
a: no special abilities


You were on level 2 of the Dungeon.
You visited 1 branch of the dungeon, and saw 2 of its levels.

You collected 49 gold pieces.

Inventory:

Hand Weapons
 a - a +0 dagger
 e - a +2 vorpal hand axe (weapon)
Scrolls
 c - a scroll of noise {unknown}
 d - a scroll of enchant weapon {unknown}
Potions
 b - a potion of curing {unknown}


   Skills:
 - Level 1.1 Fighting
 - Level 1.7 Dodging
 - Level 3.0 Unarmed Combat
 - Level 2.0 Spellcasting
 + Level 4.4 Transmutations


You had 3 spell levels left.
You knew the following spells:

 Your Spells              Type           Power      Damage    Failure   Level
a - Beastly Appendage     Tmut           28%        N/A       3%          1
b - Spider Form           Tmut/Pois      8%         N/A       26%         3

Your spell library contained the following spells:

 Spells                   Type           Power      Damage    Failure   Level
 Wereblood                Tmut           14%        N/A       5%          2
 Ice Form                 Ice/Tmut       8%         N/A       65%         4


Dungeon Overview and Level Annotations

Branches:
Dungeon (2/15)

Altars:


Innate Abilities, Weirdness & Mutations

Your plain brown scales are hard. (AC +5)
You cannot fit into any form of body armour.
You are cold-blooded and may be slowed by cold attacks.


Message History

You grow a pair of large bovine horns.
Your feet morph into talons.
A worm comes into view.
A rat comes into view.
An orc priest comes into view. It is wielding a +0 war axe.
The helpless endoplasm fails to defend itself.
You hit the endoplasm.
The endoplasm is heavily wounded.
Your transformation is almost over.
The endoplasm freezes you.
You are frozen.
You feel yourself slow down.
You hit the endoplasm but do no damage.
The endoplasm is heavily wounded.
The orc priest shouts!
You hear a shout!
The orc priest mumbles some strange prayers to Beogh against you.
Beogh smites you! The endoplasm freezes you.
You are frozen.
An orc wizard comes into view. It is wielding a +0 dagger.
The endoplasm misses you.
The orc priest casts a cantrip, but nothing happens.
The orc wizard shouts!
The endoplasm closely misses you.
You see here 14 stones.
You hit the endoplasm.
You kill the endoplasm!
You feel yourself speed up. The rat bites you but does no damage.
You hit the rat.
You kill the rat!
The orc priest barely misses you.
You hit the orc priest but do no damage.
You claw the orc priest.
The orc priest is moderately wounded.
Your horns disappear.
Your talons disappear.
The orc priest calls upon Beogh to heal the orc priest.
The orc priest's wounds heal themselves!
The orc priest hits you with a +0 hand axe.
* * * LOW HITPOINT WARNING * * *
The orc priest mumbles some strange prayers to Beogh against you.
Beogh smites you!
You die...

.... #.# ..... #.#.######
.....##.#.#....#######
........#.#.##.[......
......#.#.#.#.#########
....#.#.#.#.#...@o....#.##
..........#.#.####w.......
..........#.#....#.o......
..........#.#....#........
........#.#.#....#........
.####............#........
†.......#.#.#....#........
#.......#.#...............
#..†....#.###....#........


You could see a worm and 2 orc priests.

Vanquished Creatures
  An orc priest (D:2)
  An orc wizard (D:2)
  An orc (D:2)
  2 ball pythons
  4 endoplasms
  3 hobgoblins
  A kobold (D:1)
  A quokka (D:2)
  A bat (D:2)
  A frilled lizard (D:1)
  A rat (D:2)
17 creatures vanquished.

Notes
Turn   | Place    | Note
-------+----------+-------------------------------------------
     0 | D:1      | nickcage the Draconian Transmuter began the quest for the
                  | Orb.
     0 | D:1      | Reached XP level 1. HP: 16/16 MP: 3/3
    16 | D:1      | Found a faded altar of an unknown god.
   298 | D:1      | Reached XP level 2. HP: 23/23 MP: 1/5
   744 | D:2      | Reached skill level 3 in Transmutations
   744 | D:2      | Reached XP level 3. HP: 10/28 MP: 6/6
   748 | D:2      | Learned a level 3 spell: Spider Form
   949 | D:2      | Reached skill level 4 in Transmutations
   952 | D:2      | Reached XP level 4. HP: 30/35 MP: 5/7
  1057 | D:2      | Killed from afar by an orc priest

Illustrated notes

Levels and vault maps discovered:
D:1:      dpeg_arrival_simpleton_a, layout_basic, ebering_ecumenical_altar_ruins
D:2:      layout_basic, uniq_sigmund

Skill      XL: |  1  2  3 |
---------------+----------+-----
Transmutations | 3 4 |  4.4
Fighting       | |  1.1
Dodging        | |  1.7
Unarmed Combat | |  3.0
Spellcasting   | |  2.0

Action                   |  1- 3 |  4- 6 || total
-------------------------+-------+-------++-------
Melee: Dagger            |    27 |       ||    27
       Unarmed           |     6 |       ||     6
       Kick              |    11 |     2 ||    13
       Tailslap          |     4 |       ||     4
       Headbutt          |     5 |     1 ||     6
       Hand axe          |       |    11 ||    11
 Cast: Beastly Appendage |     8 |     2 ||    10
 Stab: Sleeping          |     1 |     1 ||     2
Armor: Skin              |     5 |     5 ||    10
Dodge: Dodged            |    19 |     8 ||    27
